 Dungeon Sprint DCSS version 0.21.1-1-g345015fe64 (webtiles) character file.

273466 Groucho the Imperceptible (level 12, 51/61 (64) HPs)
             Began as a Felid Berserker on Feb 26, 2018.
             Was the Champion of Trog.
             Escaped with the Orb!
             The game lasted 00:14:16 (2481 turns).

Groucho the Imperceptible (Felid Berserker)         Turns: 2481, Time: 00:14:17

HP:   51/61 (64)    AC:  3    Str: 13    XL:     12   Next: 36%
MP:   13/13         EV: 42    Int:  8    God:    Trog [******]
Gold: 2171          SH:  0    Dex: 26    Spells: 11/11 levels left
                                        Lives: 2   Deaths: 1

rFire    + + +     SeeInvis +     - Unarmed
rCold    . . .     Gourm    .   (shield unavailable)
rNeg     . . .     Faith    .   (armour unavailable)
rPois    +         Spirit   .   (helmet unavailable)
rElec    +         Reflect  .   (cloak unavailable)
rCorr    +         Harm     .   (gloves unavailable)
MR       +....     NoTele   +   (boots unavailable)
Stlth    ++++......             (no amulet)
HPRegen  0.20/turn              t - ring of fire
MPRegen  0.13/turn              p - ring of fire

@: agile, resistant, quick
A: very small, no armour, no weapons or thrown items, stealth, claws 1, fangs 3,
see invisible, carnivore, speed 1, shaggy fur 3, slow metabolism 1, sharp paws
0: Orb of Zot
a: Berserk, Trog's Hand, Brothers in Arms, Burn Spellbooks, Renounce Religion


You escaped.
You worshipped Trog.
Trog was exalted by your worship.
You were full.

You visited 1 branch You collected 3456 gold pieces.
You spent 1285 gold pieces at shops.

Inventory:

Jewellery
 k - an uncursed ring of resist corrosion
 n - the ring of Attitude {rN+++ Int+5 Dex-3 Stlth-}
   (You found it in the Dungeon)

   [ring of loudness]

   It affects your intelligence (+5).
   It affects your dexterity (-3).
   It renders you almost immune to negative energy.
   It makes you less stealthy.
 p - a ring of fire (right paw)
 t - a ring of fire (left paw)
 u - an uncursed ring of magical power
Wands
 h - a wand of digging (10)
 l - a wand of iceblast (7)
Scrolls
 g - a scroll of identify
 m - 2 scrolls of fear
 o - 5 scrolls of remove curse {unknown}
 v - a scroll of blinking
Potions
 b - 5 potions of curing
 c - 3 potions of heal wounds
 d - a potion of haste
 e - 2 potions of magic
 f - a potion of berserk rage
 i - a potion of brilliance {unknown}
 j - a potion of invisibility {unknown}
 r - a potion of agility
Comestibles
 a - 2 rations


   Skills:
 + Level 14.6 Fighting
 + Level 18.3 Dodging
 + Level 25.0 Stealth
 + Level 14.6 Unarmed Combat


You had 11 spell levels left.
You didn't know any spells.

Dungeon Overview and Level Annotations

Branches:
Dungeon (1/1)

Altars:
Cheibriados
Dithmenos
Elyvilon
Fedhas
Gozag
Hepliaklqana
Kikubaaqudgha
Makhleb
Nemelex Xobeh
Okawaru
Qazlal
Ru
Sif Muna
Trog
Uskayaw
Vehumet
Wu Jian
Xom
Yredelemnul
Zin
The Shining One
Jiyva
Lugonu

Shops:
D ?%!:!*(*%=!*!*([*}

Annotations:
D Tiamat


Innate Abilities, Weirdness & Mutations

You cannot wear armour.
You are incapable of wielding weapons or throwing items.
Your paws allow you to move quietly. (Stealth)
You have sharp claws.
You have razor-sharp teeth.
You have supernaturally acute eyesight. (SInv)
You are carnivorous and can eat meat at any time.
You cover ground quickly.
Your thick and shaggy fur keeps you warm. (AC +3, rC+)
You have a slow metabolism.
Your sharp claws are effective at attacking unaware monsters.


Message History

You float gracefully downwards.
There is an open door here.
There is an open door here.
Things that are here:
a robe; an enchanted scythe You feel the effects of Trog's Hand fading.
There is an open door here.
You see here a giant spiked club.
You hear a shout!
There is an open door here.
You see here a ring mail.
Your skin stops crawling.
You feel less resistant to hostile enchantments.
You hear a shout!
There is an open door here.
You hear a shout!
There is a staircase leading out of the dungeon here.
You can't go down here!
You hear a shout!
You have escaped!

##################
#@.#.['..#.['..#__
#..'..#.)'..#..'.C
#..#####'#####'#__
#..####..#...#.###
#..#__####..##.#≈≈
#..#_____##'#_.§§≈
#⌠⌠#_.∩...'..._#§≈
####_..__##_.#'##+
#_____###'#)#..


There were no monsters in sight!

Vanquished Creatures
  A golden dragon (D)
  A shadow dragon (D)
  A hydra (D)
  2 centaur warriors (D)
  Sonja (D)
  A deep troll (D)
  7 unseen horrors (D)
  A lindwurm (D)
  An oklob plant (D)
  A kobold demonologist (D)
  4 demonic crawlers (D)
  A hornet (D)
  A slime creature (D)
  Sigmund (D)
  2 redbacks (D)
  A yak (D)
  13 hogs (D)
  3 floating eyes (D)
  An ogre (D)
  7 necrophages (D)
  4 jellies (D)
  Ijyb (D)
  4 ballistomycetes (D)
60 creatures vanquished.

Vanquished Creatures (collateral kills)
  3 fire giants (D)
  A kobold demonologist (D)
  An ice devil (D)
  4 jellies (D)
9 creatures vanquished.

Vanquished Creatures (others)
  A fire giant (D)
  A gargoyle (D)
  2 ballistomycete spores (D)
4 creatures vanquished.

Grand Total: 73 creatures vanquished

Notes
Turn   | Place    | Note
-------+----------+-------------------------------------------
     0 | D        | Groucho the Felid Berserker began the quest for the Orb.
     0 | D        | Reached XP level 1. HP: 10/10 MP: 2/2
     2 | D        | Noticed Ijyb
     8 | D        | Killed Ijyb
     8 | D        | Reached skill level 8 in Stealth
     8 | D        | Reached XP level 2. HP: 14/14 MP: 3/3
   181 | D        | Noticed an ogre
   183 | D        | Killed an ogre
   183 | D        | Reached skill level 12 in Stealth
   183 | D        | Reached XP level 3. HP: 17/17 MP: 4/4
   183 | D        | Reached XP level 4. HP: 21/21 MP: 5/5
   192 | D        | Killed a gargoyle
   203 | D        | Noticed Sigmund
   205 | D        | Killed Sigmund
   205 | D        | Reached ** piety under Trog
   205 | D        | Reached skill level 16 in Stealth
   205 | D        | Reached XP level 5. HP: 24/24 MP: 6/6
   205 | D        | Gained mutation: You are covered in thick fur. (AC +2) [Felid growth]
   205 | D        | Reached XP level 6. HP: 28/28 MP: 7/7
   220 | D        | Found a deep blue altar of Sif Muna.
   221 | D        | Found an ornate altar of the Wu Jian Council.
   222 | D        | Found a radiant altar of Vehumet.
   227 | D        | Slain by a jelly
   228 | D        | Reached XP level 5. HP: 0/24 MP: 6/6
   417 | D        | Found Omakojej's Food Emporium.
   417 | D        | Found an ancient bone altar of Kikubaaqudgha.
   417 | D        | Found a hazy altar of Hepliaklqana.
   417 | D        | Found a stormy altar of Qazlal.
   417 | D        | Found a hide-covered altar of Uskayaw.
   417 | D        | Found a blossoming altar of Fedhas.
   417 | D        | Found a bloodstained altar of Trog.
   417 | D        | Found an iron altar of Okawaru.
   417 | D        | Found a basalt altar of Yredelemnul.
   417 | D        | Found a glowing golden altar of the Shining One.
   417 | D        | Found a snail-covered altar of Cheibriados.
   417 | D        | Found a sacrificial altar of Ru.
   417 | D        | Found a glowing silver altar of Zin.
   417 | D        | Found a shadowy altar of Dithmenos.
   417 | D        | Found a white marble altar of Elyvilon.
   417 | D        | Noticed a yak
   418 | D        | Found an opulent altar of Gozag.
   419 | D        | Killed a yak
   419 | D        | Reached skill level 18 in Stealth
   419 | D        | Reached XP level 6. HP: 28/28 MP: 7/7
   420 | D        | Found a sparkling altar of Nemelex Xobeh.
   442 | D        | Found a burning altar of Makhleb.
   442 | D        | Found a shimmering altar of Xom.
   442 | D        | Noticed a slime creature
   443 | D        | Found a viscous altar of Jiyva.
   443 | D        | Found a corrupted altar of Lugonu.
   445 | D        | Killed a slime creature
   445 | D        | Reached *** piety under Trog
   445 | D        | Reached skill level 5 in Dodging
   459 | D        | Noticed a centaur warrior
   459 | D        | Noticed a centaur warrior
   460 | D        | Killed a centaur warrior
   460 | D        | Reached skill level 19 in Stealth
   460 | D        | Reached XP level 7. HP: 35/35 MP: 8/8
   460 | D        | Reached XP level 8. HP: 39/39 MP: 9/9
   461 | D        | Killed a centaur warrior
   461 | D        | Reached skill level 10 in Dodging
   461 | D        | Reached skill level 20 in Stealth
   481 | D        | Noticed a hornet
   484 | D        | Killed a hornet
   496 | D        | Noticed an oklob plant
   498 | D        | Killed an oklob plant
   498 | D        | Reached **** piety under Trog
   498 | D        | Reached XP level 9. HP: 45/45 MP: 10/10
   530 | D        | Reached skill level 21 in Stealth
   583 | D        | Noticed an unseen horror
   583 | D        | Noticed an unseen horror
   589 | D        | Killed an unseen horror
   589 | D        | Reached ***** piety under Trog
   591 | D        | Killed an unseen horror
   604 | D        | Reached skill level 10 in Fighting
   607 | D        | Reached skill level 10 in Unarmed Combat
   608 | D        | Reached XP level 10. HP: 41/51 MP: 11/11
  1302 | D        | Reached ****** piety under Trog
  1317 | D        | Got a brightly glowing broad axe
  1325 | D        | Found Fohoix's Book Shoppe.
  1325 | D        | Found Yjybb's Distillery.
  1325 | D        | Found Osaax's Distillery.
  1327 | D        | Found Xippiucs's Assorted Antiques.
  1327 | D        | Found Feazouh's Weapon Shop.
  1327 | D        | Found Ruzusar's General Store.
  1327 | D        | Found Rorphuih's Food Boutique.
  1327 | D        | Found Bonotzai's Jewellery Emporium.
  1327 | D        | Found Faut's Distillery.
  1327 | D        | Found Icaist's Assorted Antiques.
  1331 | D        | Found Funuthunula's Distillery.
  1332 | D        | Found Fazad's Weapon Emporium.
  1332 | D        | Found Koihuaha's Assorted Antiques.
  1335 | D        | Found Xuptuane's Assorted Antiques.
  1354 | D        | Bought a brass wand for 80 gold pieces
  1365 | D        | Bought a scroll labeled ESUXTIEFIW for 26 gold pieces
  1365 | D        | Bought a scroll labeled DEOWAN SOTEIZ for 26 gold pieces
  1365 | D        | Bought a scroll labeled ESUXTIEFIW for 26 gold pieces
  1365 | D        | Bought 3 scrolls labeled PESKUM POUSKO for 78 gold pieces
  1365 | D        | Bought a scroll labeled GEABUA CIPNEU for 26 gold pieces
  1376 | D        | Bought a potion of flight for 39 gold pieces
  1376 | D        | Bought a potion of agility for 52 gold pieces
  1385 | D        | Bought 2 potions of agility for 160 gold pieces
  1394 | D        | Bought a potion of resistance for 100 gold pieces
  1403 | D        | Bought an uncursed ring of fire for 325 gold pieces
  1409 | D        | Bought a scroll of identify for 26 gold pieces
  1421 | D        | Bought a scroll of identify for 48 gold pieces
  1421 | D        | Bought a scroll of identify for 48 gold pieces
  1425 | D        | Bought a scroll of identify for 50 gold pieces
  1425 | D        | Bought a scroll of identify for 50 gold pieces
  1425 | D        | Bought a twisted iron ring for 125 gold pieces
  1426 | D        | Identified the +1 broad axe of the Several Stars {venom, rElec Str+4} (You found it in the Dungeon)
  1591 | D        | Noticed a deep troll
  1593 | D        | Killed a deep troll
  1605 | D        | Found Fuasotat's Armour Emporium.
  1616 | D        | Noticed Sonja
  1619 | D        | Killed Sonja
  1619 | D        | Reached skill level 22 in Stealth
  1633 | D        | Found Dum Seitaohi's Magic Scroll Boutique.
  1924 | D        | Noticed a lindwurm
  1926 | D        | Killed a lindwurm
  1954 | D        | Reached XP level 11. HP: 44/54 MP: 12/12
  1970 | D        | Reached skill level 15 in Dodging
  1992 | D        | Reached skill level 23 in Stealth
  2039 | D        | Noticed a 12-headed hydra
  2041 | D        | Killed a 12-headed hydra
  2115 | D        | Noticed a shadow dragon
  2118 | D        | Noticed a golden dragon
  2123 | D        | Killed a shadow dragon
  2125 | D        | Killed a golden dragon
  2125 | D        | Reached skill level 24 in Stealth
  2127 | D        | Got a sparkling glass ring
  2129 | D        | Identified the ring of Attitude {rN+++ Int+5 Dex-3 Stlth-} (You found it in the Dungeon)
  2189 | D        | Found Ixixa's Gadget Shoppe.
  2249 | D        | Noticed a daeva
  2252 | D        | Noticed an unseen horror
  2252 | D        | Noticed an unseen horror
  2252 | D        | Noticed an unseen horror
  2253 | D        | Noticed an unseen horror
  2255 | D        | Killed an unseen horror
  2259 | D        | Noticed an unseen horror
  2265 | D        | Killed an unseen horror
  2265 | D        | Gained mutation: Your thick and shaggy fur keeps you warm. (AC +3, rC+) [Felid growth]
  2265 | D        | Reached XP level 12. HP: 60/60 MP: 13/13
  2318 | D        | Noticed a fire giant
  2323 | D        | Killed a fire giant
  2324 | D        | Noticed a fire giant
  2327 | D        | Noticed a fire giant
  2328 | D        | Killed a fire giant
  2331 | D        | Killed a fire giant
  2332 | D        | Noticed a fire giant
  2338 | D        | Killed a fire giant
  2338 | D        | Reached skill level 25 in Stealth
  2398 | D        | Noticed Tiamat
  2400 | D        | Got the Orb of Zot
  2481 | D        | Escaped with the Orb!

Skill      XL: |  1  2  3  4  5  6  7  8  9 10 11 12 |
---------------+-------------------------------------+-----
Stealth        | 8 12 16 18 19 20 21 22 24 25 | 25.0
Fighting       | 6 8 10 11 13 14 | 14.6
Dodging        | 8 11 12 14 17 18 | 18.3
Unarmed Combat | 6 8 10 11 13 14 | 14.6

Action                   |  1- 3 |  4- 6 |  7- 9 | 10-12 || total
-------------------------+-------+-------+-------+-------++-------
Melee: Unarmed           |     5 |     9 |    11 |   133 ||   158
       Bite              |       |     1 |     1 |    15 ||    17
       Punch             |       |       |       |    11 ||    11
Invok: Berserk           |     1 |     1 |     1 |     3 ||     6
       Brothers in Arms  |       |       |     1 |     7 ||     8
       Trog's Hand       |       |       |       |     4 ||     4
Evoke: Wand              |       |       |       |     1 ||     1
  Use: Scroll            |       |     1 |       |     8 ||     9
       Potion            |       |       |       |     5 ||     5
 Stab: Sleeping          |     2 |     4 |     8 |    18 ||    32
  Eat: Chunk             |       |     7 |     6 |     7 ||    20
Armor: Skin              |       |       |       |     2 ||     2
Dodge: Dodged            |     1 |     2 |     3 |    82 ||    88
